 Dungeon Crawl Stone Soup version 0.17.2 (webtiles) character file.

18025 Goblin1989 the Martial Artist (level 12, 0/100 HPs)
             Began as a Demonspawn Wanderer on June 25, 2016.
             Was an Initiate of Gozag.
             Killed from afar by a raiju (17 damage)
             ... with a living lightning
             ... on level 1 of the Abyss.
             The game lasted 01:08:47 (13211 turns).

Goblin1989 the Martial Artist (DsWn)               Turns: 13211, Time: 01:08:47

Health: 0/100      AC: 15    Str: 26    XL:     12   Next: 24%
Magic:  0/12       EV: 14    Int: 18    God:    Gozag
Gold:   1646       SH:  9    Dex: 21    Spells: 4 memorised, 2 levels left

rFire  . . .     SeeInvis .       - Unarmed
rCold  + . .     Clarity  .     h - +4 ring mail of Dishonour {Str+6}
rNeg   . . .     SustAt   .     K - +2 buckler
rPois  +         Gourm    .     (no helmet)
rElec  .         Spirit   +     o - +0 cloak
rCorr  +         Warding  .     (no gloves)
rMut   .         Stasis   .     u - +0 pair of boots "Empulezie" {rCorr Dex+4} (curse)
MR     .....                    (no amulet)
Stlth  +.........               (no ring)
                                b - ring "Axunt" {*Contam rPois rC+ Str+4 Int+7}

@: about to teleport, not resistant to hostile enchantments, very unstealthy
A: claws 2, molten scales 2, magic shield, magic regeneration, rot immunity
a: Potion Petition, Call Merchant, Bribe Branch, Renounce Religion


You were on level 1 of the Abyss.
You worshipped Gozag.
Gozag was noncommittal.
You were very full.

You visited 3 branches of the dungeon, and saw 15 of its levels.
You visited the Abyss 1 time.

You collected 2631 gold pieces.
You spent 392 gold pieces at shops.
You paid 593 gold pieces to Gozag.

Inventory:

Armour
 a - a +1 shield
 h - the +4 ring mail of Dishonour (worn) {Str+6}
   (You found it on level 7 of the Dungeon)

   It affects your strength (+6).
 o - a +0 cloak (worn)
 u - the cursed +0 pair of boots "Empulezie" (worn) {rCorr Dex+4}
   (You bought it in a shop on level 11 of the Dungeon)

   It affects your dexterity (+4).
   It protects you from acid and corrosion.
   It has a curse placed upon it.
 x - the +1 steam dragon armour of the Old World {Regen+, rSteam, unknown}
   (You found it on level 1 of the Lair of Beasts)

   It increases your rate of regeneration.
 K - a +2 buckler (worn)
Jewellery
 b - the ring "Axunt" (left claw) {*Contam rPois rC+ Str+4 Int+7}
   (You found it on level 4 of the Dungeon)

   [ring of poison resistance]

   It affects your strength (+4).
   It affects your intelligence (+7).
   It protects you from cold.
   It protects you from poison.
   It causes magical contamination when unequipped.
 D - an uncursed ring of see invisible {unknown}
Wands
 q - a wand of magic darts (15)
 y - a wand of digging (11)
 z - a wand of teleportation (4)
 F - a wand of frost (21)
 G - a wand of polymorph (18)
 J - a wand of draining (8)
Scrolls
 f - 4 scrolls of amnesia
 g - 4 scrolls of teleportation
 i - 3 scrolls of enchant weapon {unknown}
 k - 4 scrolls of identify
 m - a scroll of fog
 s - 3 scrolls of remove curse
 w - 2 scrolls of fear
 C - 3 scrolls of enchant armour
 E - 2 scrolls of brand weapon
Potions
 c - 7 potions of curing
 d - a potion of lignification {!q}
 n - a potion of cure mutation {unknown}
 r - 2 potions of berserk rage {!q}
 v - a potion of cancellation
 H - a potion of flight {unknown}
 I - a potion of resistance
 M - a potion of ambrosia {unknown}
Books
 p - a book of Necromancy

   Spells                             Type                      Level
   a - Pain                           Necromancy                   1
   b - Animate Skeleton               Necromancy                   1
   c - Vampiric Draining              Necromancy                   3
   d - Regeneration                   Charms/Necromancy            3
   e - Animate Dead                   Necromancy                   4
   f - Control Undead                 Necromancy                   4
 t - a book of Burglary

   Spells                             Type                      Level
   a - Swiftness                      Charms/Air                   2
   b - Passwall                       Transmutation/Earth          3
   c - Passage of Golubria            Translocation                4
   d - Lee's Rapid Deconstruction     Earth                        5
   e - Darkness                       Hexes                        6
   f - Invisibility                   Hexes                        6
Miscellaneous
 j - a box of beasts
Comestibles
 e - 5 bread rations
 l - 14 fruits
 A - 3 beef jerkies
 B - a slice of pizza
 L - a royal jelly


   Skills:
 - Level 11.3 Fighting
   Level 1.0 Axes
 - Level 4.6 Armour
 - Level 4.7 Dodging
 - Level 1.0 Stealth
 + Level 8.6 Shields
 - Level 11.5 Unarmed Combat
 - Level 1.0 Evocations


You had 2 spell levels left.
You knew the following spells:

 Your Spells              Type           Power        Failure   Level  Hunger
a - Passwall              Trmt/Erth      #.........   87%         3    ####...
b - Swiftness             Chrm/Air       #.......     50%         2    ###....
c - Animate Skeleton      Necr           N/A          34%         1    ##.....
d - Regeneration          Chrm/Necr      #.........   87%         3    ####...


Dungeon Overview and Level Annotations

Branches:
Dungeon (12/15)            Temple (1/1) D:5            Lair (2/8) D:11
    Orc (0/4) D:10

Altars:
Ashenzari
Cheibriados
Dithmenos
Elyvilon
Fedhas
Gozag
Kikubaaqudgha
Makhleb
Nemelex Xobeh
Okawaru
Qazlal
Ru
Sif Muna
Trog
Vehumet
Xom
Yredelemnul
Zin
The Shining One

Shops:
D:5 ?   D:11 !*[

Annotations:
D:4 Goblin1989's ghost, amateur DsMo
D:5 Prince Ribbit
D:9 2 exclusions
D:11 exclusion: Harold, Harold
Lair:2 Psyche


Innate Abilities, Weirdness & Mutations

You have very sharp fingernails.
You are mostly covered in molten scales (AC +3, EV -1).
When hurt, damage is shared between your health and your magic reserves.
You regenerate magic rapidly.
You are immune to rotting.


Message History

As you read the scroll of teleportation, it crumbles to dust.
You feel strangely unstable.
You feel the power of the Abyss delaying your translocation!
The raiju bursts into living lightning!
The living lightning hits you! x2
* * * LOW HITPOINT WARNING * * *
The raiju blinks!
You block the raiju's attack.
The raiju barks!
You take 20 damage, and have 24/100 hp.
You now have 4/12 mp.
You claw the large abomination!
You block the large abomination's attack.
The white imp shouts!
You block the large abomination's attack.
The chaos spawn gores you!
* * * LOW HITPOINT WARNING * * *
The raiju bursts into living lightning!
The living lightning hits the raiju.
The raiju completely resists.
The living lightning hits you!
You die...
Your body crumbles into a pile of gold.

#.. .#. ..#..#.# ...
#. .#.##..
.###.#####.#...
#...#
....#..#.#..#...
....
.......#§.###......#
#
........3..#.#..#..
# ##.#.#.h##.##.#.##
# #..
##.hX3......#..#.
#..h#@#§.... .#..#
#!.#..#.5#.###.#.
§.##..#$§h§## #.. .#
## #
...####...#.###.
##.# #.).
####....... # ####.#
# ...#..#... #.# .
#..#.#.. . #.# . . #
..... . .#### . . .
### # ... #


You could see a large abomination, 3 raiju, a chaos spawn and a white imp.

Vanquished Creatures
  A great orb of eyes (D:11)
  Urug (D:11)
  Sonja (D:11)
  Pikel (D:8)
  2 manticores (D:11)
  A cyclops (D:11)
  A black mamba (Lair:1)
  2 spiny frogs
  A kobold demonologist (D:11)
  2 komodo dragons
  A jumping spider (D:8)
  Grinder (D:5)
  15 yaks
  7 humans (Lair:2)
  A deep elf mage (D:9)
  Grum (D:8)
  2 basilisks
  A wyvern (D:11)
  3 hippogriffs
  2 hungry ghosts (D:10)
  4 wolves (D:8)
  7 porcupines
  4 water moccasins
  3 black bears
  Duvessa (D:5)
  5 orc warriors
  2 ice beasts
  2 sky beasts (D:9)
  2 ogres (D:9)
  3 phantoms
  A tengu (D:7)
  5 crocodiles
  A centaur (D:9)
  A big kobold (D:11)
  A wyvern zombie (D:9)
  A gnoll sergeant (D:10)
  Dowan (D:5)
  11 giant frogs
  4 scorpions
  9 wights
  7 crimson imps
  4 jellies
  3 giant frog zombies
  2 quasits
  2 centaur zombies
  5 orc priests
  Crazy Yiuf (D:2)
  4 centaur skeletons
  9 hounds
  6 giant frog skeletons
  8 iguanas
  8 orc wizards
  7 worker ants
  3 sheep
  3 worker ant zombies
  3 gnolls (D:10)
  18 river rats (Lair:1)
  11 adders
  5 shadow imps
  4 worms
  2 adder skeletons
  5 giant geckos
  30 orcs
  12 bats
  9 hobgoblins
  13 jackals
  6 kobolds
  2 ball pythons
  3 giant cockroaches
  A giant cockroach zombie (D:5)
  7 giant newts
  5 goblins
  A jackal skeleton (D:5)
  6 quokkas
  9 rats
339 creatures vanquished.

Vanquished Creatures (others)
  3 slaves (D:8)
  A fungus (Lair:2)
  11 plants (D:11)
15 creatures vanquished.

Grand Total: 354 creatures vanquished

Notes
Turn   | Place    | Note
--------------------------------------------------------------
     0 | D:1      | Goblin1989 the Demonspawn Wanderer began the quest for the Orb.
     0 | D:1      | Goblin1989 set off with: a +0 shield, a +0 ring mail, a potion of curing, a +0 dagger, a bread ration
     0 | D:1      | Reached XP level 1. HP: 19/19 MP: 1/1
   454 | D:1      | Gained mutation: You have sharp fingernails. [demonic ancestry]
   454 | D:1      | Reached XP level 2. HP: 19/26 MP: 2/2
   645 | D:1      | Reached skill level 1 in Unarmed Combat
   999 | D:2      | Reached XP level 3. HP: 31/31 MP: 3/3
  1784 | D:2      | Gained mutation: You have very sharp fingernails. [demonic ancestry]
  1784 | D:2      | Reached XP level 4. HP: 29/38 MP: 4/4
  1926 | D:2      | Noticed Crazy Yiuf
  1938 | D:2      | Killed Crazy Yiuf
  2832 | D:4      | Gained mutation: You are partially covered in molten scales (AC +1). [demonic ancestry]
  2832 | D:4      | Reached XP level 5. HP: 40/43 MP: 5/5
  3076 | D:4      | Got a translucent turquoise ring
  3167 | D:4      | Noticed an ogre
  3208 | D:3      | Identified the ring "Axunt" {*Contam rPois rC+ Str+4 Int+7} (You found it on level 4 of the Dungeon)
  3361 | D:4      | Noticed Goblin1989's ghost (amateur DsMo)
  3543 | D:4      | Noticed an ogre
  3864 | D:5      | Entered Level 5 of the Dungeon
  3864 | D:5      | Noticed Duvessa
  3864 | D:5      | Noticed Dowan
  3879 | D:5      | Killed Duvessa
  3879 | D:5      | Gained mutation: When hurt, damage is shared between your health and your magic reserves. [demonic ancestry]
  3879 | D:5      | Reached XP level 6. HP: 49/49 MP: 6/6
  3884 | D:5      | Killed Dowan
  3886 | D:5      | Reached skill level 5 in Unarmed Combat
  3991 | D:5      | Noticed Grinder
  4012 | D:5      | Paralysed by Grinder for 4 turns
  4023 | D:5      | Killed Grinder
  4023 | D:5      | Reached skill level 6 in Unarmed Combat
  4023 | D:5      | Gained mutation: You are immune to rotting. [demonic ancestry]
  4023 | D:5      | Reached XP level 7. HP: 35/55 MP: 3/7
  4247 | D:5      | Learned a level 3 spell: Passwall
  4250 | D:5      | Learned a level 2 spell: Swiftness
  4346 | D:5      | Found a staircase to the Ecumenical Temple.
  4358 | Temple   | Entered the Ecumenical Temple
  4452 | Temple   | Became a worshipper of Gozag Ym Sagoz the Greedy
  4485 | D:5      | Found Xanaagey's Magic Scroll Shoppe.
  4504 | D:5      | Bought a scroll of remove curse for 30 gold pieces
  4504 | D:5      | Bought a scroll of teleportation for 30 gold pieces
  4560 | D:5      | Reached skill level 7 in Unarmed Combat
  4727 | D:5      | Noticed an ice beast
  4739 | D:5      | Killed an ice beast
  4739 | D:5      | Reached XP level 8. HP: 48/61 MP: 5/8
  4787 | D:5      | Noticed Prince Ribbit
  5141 | D:6      | Reached skill level 8 in Unarmed Combat
  5653 | D:6      | Reached skill level 9 in Unarmed Combat
  5956 | D:7      | Reached skill level 5 in Fighting
  6081 | D:7      | Noticed a two-headed ogre
  6313 | D:7      | Got an ichor-stained ring mail
  6387 | D:7      | Gained mutation: You are mostly covered in molten scales (AC +3, EV -1). [demonic ancestry]
  6387 | D:7      | Reached XP level 9. HP: 55/68 MP: 6/9
  6706 | D:7      | Found a sacrificial altar of Ru.
  6836 | D:8      | You fall through a shaft for 3 floors!
  6869 | D:11     | Identified the +4 ring mail of Dishonour {Str+6} (You found it on level 7 of the Dungeon)
  6968 | D:11     | Noticed Sonja
  6984 | D:11     | Found a staircase to the Lair.
  6992 | D:11     | Found Riec's Antique Armour Boutique.
  7040 | D:11     | Noticed a manticore
  7050 | D:11     | Killed a manticore
  7050 | D:11     | Reached skill level 1 in Dodging
  7271 | D:10     | Entered Level 10 of the Dungeon
  7366 | D:10     | Noticed a centaur skeleton
  7367 | D:10     | Noticed a komodo dragon
  7550 | D:9      | Learned a level 1 spell: Animate Skeleton
  7787 | D:9      | Reached skill level 10 in Unarmed Combat
  7926 | D:8      | Noticed Pikel
  7939 | D:8      | Killed Pikel
  8006 | D:8      | Reached XP level 10. HP: 62/77 MP: 7/10
  8227 | D:8      | Noticed Grum
  8241 | D:8      | Killed Grum
  8243 | D:8      | Reached skill level 5 in Shields
  8797 | D:7      | a two-headed ogre changed into a tengu
  9854 | D:10     | Killed a centaur skeleton
  9863 | D:10     | Killed a komodo dragon
  9984 | D:10     | Reached skill level 11 in Unarmed Combat
 10113 | D:10     | Gained mutation: You regenerate magic rapidly. [demonic ancestry]
 10113 | D:10     | Reached XP level 11. HP: 71/84 MP: 8/11
 10254 | D:10     | Found a staircase to the Orcish Mines.
 10372 | D:11     | Noticed a hill giant
 10528 | D:11     | Noticed a great orb of eyes
 10528 | D:11     | a hill giant changed into a great orb of eyes
 10535 | D:11     | Paralysed by a great orb of eyes for 2 turns
 10549 | D:11     | Killed a great orb of eyes
 10784 | D:11     | Found Miagerov's Distillery.
 10890 | D:11     | Noticed Urug
 10913 | D:11     | Killed Urug
 10917 | D:11     | Killed Sonja
 11245 | D:11     | Noticed a cyclops
 11250 | D:11     | Noticed a kobold demonologist
 11266 | D:11     | Killed a cyclops
 11274 | D:11     | Killed a kobold demonologist
 11533 | D:11     | Found Faku Bik's Assorted Antiques.
 11622 | D:11     | Learned a level 3 spell: Regeneration
 11630 | D:11     | Noticed Harold
 11754 | D:12     | Noticed a hill giant
 11768 | D:11     | Bought a pair of shimmering boots for 332 gold pieces
 11773 | D:11     | Identified the cursed +0 pair of boots "Empulezie" {rCorr Dex+4} (You bought it in a shop on level 11 of the Dungeon)
 11861 | Lair:1   | Entered Level 1 of the Lair of Beasts
 11960 | Lair:1   | Got a bronze steam dragon armour {rSteam}
 12142 | Lair:1   | Reached skill level 10 in Fighting
 12371 | Lair:1   | Reached XP level 12. HP: 90/99 MP: 10/12
 12726 | Lair:2   | Noticed a four-headed hydra
 13068 | Lair:2   | Noticed Psyche
 13131 | Lair:2   | Cast into the Abyss (Psyche)
 13211 | Abyss:1  | Killed from afar by a raiju

Action                   |  1- 3 |  4- 6 |  7- 9 | 10-12 || total
-------------------------+-------+-------+-------+-------++-------
Melee: Dagger            |    66 |       |       |       ||    66
       Unarmed           |   148 |   145 |   347 |   670 ||  1310
Invok: Potion Petition   |       |       |     2 |       ||     2
Evoke: Wand              |       |       |     7 |     9 ||    16
  Use: Scroll            |       |     3 |     1 |    14 ||    18
       Potion            |       |     2 |     4 |     2 ||     8
 Stab: Sleeping          |     1 |       |     1 |     3 ||     5
       Invisible         |       |       |     3 |       ||     3
       Distracted        |       |       |       |     5 ||     5
  Eat: Chunk             |     3 |     7 |     1 |       ||    11
       Fruit             |       |       |     7 |    15 ||    22
       Meat ration       |       |       |     2 |       ||     2
       Beef jerky        |       |       |       |     4 ||     4
       Royal jelly       |       |       |       |     1 ||     1
       Pizza             |       |       |       |     1 ||     1
